 Dungeon Crawl Stone Soup version 0.25-a0-1133-g93ebf739aa (webtiles) character file.

Game seed: 9792305631565881503, levelgen mode: deterministic

388 Maedhros the Insei (level 6, -4/38 HPs)
             Began as an Octopode Artificer on May 22, 2020.
             Slain by a gnoll
             ... wielding a +0 club
              (5 damage)
             ... on level 7 of the Dungeon.
             The game lasted 00:04:31 (734 turns).

Maedhros the Insei (Octopode Artificer)              Turns: 734, Time: 00:04:31

Health: -4/38      AC:  1    Str: 11    XL:     6   Next: 79%
Magic:  8/8        EV: 13    Int: 14    God:
Gold:   132        SH:  0    Dex: 14    Spells: 5/5 levels left

rFire    . . .     SeeInvis .   a - +0 short sword
rCold    . . .     Gourm    .   (no shield)
rNeg     . . .     Faith    .   (helmet restricted)
rPois    .         Spirit   .   (no amulet)
rElec    .         Reflect  .   (no ring)
rCorr    .         Harm     .   (no ring)
MR       .....                  (no ring)
Stlth    ++++......             (no ring)
HPRegen  0.12/turn              (no ring)
MPRegen  0.11/turn              (no ring)
                                (no ring)
                                (no ring)

@: hasted, very quick
A: almost no armour, stealthy swim, amphibious, 8 rings, constrict 8, camouflage
1, gelatinous body 1
a: no special abilities


You were on level 7 of the Dungeon.
You were not hungry.

You visited 1 branch of the dungeon, and saw 7 of its levels.

You collected 132 gold pieces.

Inventory:

Hand Weapons
 a - a +0 short sword (weapon)
Missiles
 g - 12 poisoned darts (quivered)
Wands
 b - a wand of flame (10)
 c - a wand of enslavement (9)
 d - a wand of random effects (9)
 k - a wand of disintegration (11)
Scrolls
 e - 2 scrolls of remove curse
 l - a scroll of amnesia {unknown}
Potions
 h - a potion of berserk rage {unknown}
 i - a potion of lignification {unknown}
 j - a potion of haste
Comestibles
 f - 3 rations


   Skills:
 - Level 1.0 Fighting
 - Level 1.0 Short Blades
 - Level 2.0 Dodging
 - Level 4.0 Stealth
 + Level 6.0 Unarmed Combat
 - Level 3.2 Evocations


You had 5 spell levels left.
You didn't know any spells.
Your spell library was empty.

Dungeon Overview and Level Annotations

Branches:
Dungeon (7/15)
 Temple: D:4-7

Altars:
Kikubaaqudgha
Makhleb
Ru

Annotations:
D:5 3 runed translucent doors, Masnef's ghost, novice TrFi; endorz's ghost, novice GrEE
D:6 Grinder


Innate Abilities, Weirdness & Mutations

You cannot wear most types of armour.
You are very stealthy in the water. (Stealth+)
You are amphibious.
You can wear up to eight rings at the same time.
You can use your tentacles to constrict eight enemies at once.
Your skin changes colour to match your surroundings (Stealth+).
Your rubbery body absorbs attacks. (AC +1, EV +1)


Message History

The kobold hits your gnoll sergeant with a +1 dagger of venom.
Your gnoll sergeant looks even sicker.
Your gnoll sergeant hits the gnoll with a cursed -1 trident!
The kobold closely misses your gnoll sergeant.
Your kobold shoots a bolt.
The bolt hits the big kobold!
The gnoll barely misses your gnoll sergeant.
The big kobold hits you.
* * * LOW HITPOINT WARNING * * *
The gnoll misses you.
It was a potion of haste.
You feel yourself speed up.
You constrict the big kobold.
The kobold closely misses your gnoll sergeant.
Your gnoll sergeant barely misses the gnoll.
The kobold hits your gnoll sergeant but does no damage.
The gnoll hits your gnoll sergeant but does no damage.
The big kobold hits you.
* * * LOW HITPOINT WARNING * * *
Your kobold shoots a bolt.
The bolt hits the big kobold!
The gnoll hits you with a +0 club.
You die...

#...... ...### ##....a.#
#...... ........# .......
........# ....... #.......#
....... ......... .Kg(..#.#
#......####gK# ...##
##.......)(.g###.>...
.......(##(@)K..... ....
#........##K.##.... .......
#........###.#..####........
................## #......".
.#.........#.....###........
##............#..##.......
#............##..........
#....................##
............#####.<...####


You could see a big kobold, 2 gnolls, 2 kobolds, a friendly gnoll sergeant
(charmed, very poisoned) and a friendly kobold (charmed).

Vanquished Creatures
  Sigmund (D:4)
  An orc warrior (D:6)
  A bullfrog skeleton (D:6)
  An orc priest (D:4)
  A gnoll (D:7)
  2 adders
  3 orcs
  A giant cockroach (D:6)
  4 jackals (D:4)
  A quokka (D:6)
  A ball python skeleton (D:4)
  A frilled lizard (D:4)
  A kobold (D:7)
19 creatures vanquished.

Vanquished Creatures (collateral kills)
  A crimson imp (D:7)
  A worker ant (D:7)
  An adder (D:7)
  2 orcs (D:4)
  3 kobolds (D:7)
8 creatures vanquished.

Vanquished Creatures (others)
  A centaur (D:7)
  An orc wizard (D:4)
2 creatures vanquished.

Grand Total: 29 creatures vanquished

Notes
Turn   | Place    | Note
-------+----------+-------------------------------------------
     0 | D:1      | Maedhros the Octopode Artificer began the quest for the
                  | Orb.
     0 | D:1      | Reached XP level 1. HP: 13/13 MP: 3/3
   169 | D:4      | Noticed Sigmund
   174 | D:4      | Killed Sigmund
   174 | D:4      | Reached skill level 4 in Unarmed Combat
   174 | D:4      | Reached XP level 2. HP: 13/18 MP: 4/4
   174 | D:4      | Reached XP level 3. HP: 17/23 MP: 5/5
   174 | D:4      | Reached XP level 4. HP: 21/28 MP: 6/6
   174 | D:4      | Reached XP level 5. HP: 25/33 MP: 7/7
   277 | D:4      | Found an ancient bone altar of Kikubaaqudgha.
   410 | D:4      | You fall into a shaft and drop 1 floor!
   410 | D:5      | Entered Level 5 of the Dungeon
   452 | D:5      | Found a runed translucent gate.
   452 | D:5      | Found a runed translucent gate.
   452 | D:5      | Found a runed translucent gate.
   452 | D:5      | Noticed endorz's ghost (novice GrEE)
   453 | D:5      | Noticed Masnef's ghost (novice TrFi)
   526 | D:6      | Noticed an orc warrior
   530 | D:6      | Killed an orc warrior
   530 | D:6      | Reached skill level 5 in Unarmed Combat
   530 | D:6      | Reached XP level 6. HP: 29/38 MP: 8/8
   557 | D:6      | Found a sacrificial altar of Ru.
   626 | D:6      | Found a burning altar of Makhleb.
   674 | D:6      | Noticed Grinder
   729 | D:7      | Reached skill level 6 in Unarmed Combat
   734 | D:7      | HP: 1/38 [big kobold (2)]
   734 | D:7      | Slain by a gnoll

Illustrated notes

Levels and vault maps discovered:
D:1:      tarquinn_simple_flora_water_e, layout_loops_corners, minmay_ruptured
D:2:      layout_basic, lemuel_crystal_altar, first_ration, elyvilon_altar_4,
          uniq_terence
D:3:      layout_loops_corners, lemuel_doored_altar, uniq_natasha, uniq_robin
D:4:      layout_basic, kennysheep_little_box, uniq_sigmund
D:5:      wander_river, layout_rooms, gammafunk_ghost_cemetery
D:6:      layout_basic, kennysheep_mini, hangedman_ru_absence,
          lemuel_blue_sif_altar, marbit_many_paths, minmay_temple_entry_hall,
          serial_shops, nicolae_shop_behind_doors, serial_park_tiny_2,
          corexii_item_surrounded_by_moat, uniq_grinder
D:7:      layout_rooms

Skill      XL: |  1  2  3  4  5  6 |
---------------+-------------------+-----
Stealth        | 4 |  4.0
Unarmed Combat | 4 5 6 |  6.0
Fighting       | |  1.0
Short Blades   | |  1.0
Dodging        | |  2.0
Evocations     | |  3.2

Action                   |  1- 3 |  4- 6 || total
-------------------------+-------+-------++-------
Melee: Short sword       |     1 |    42 ||    43
       Constrict         |     1 |    17 ||    18
       Tentacles         |     1 |     7 ||     8
       Punch             |       |     3 ||     3
Evoke: Wand              |     2 |    15 ||    17
  Use: Scroll            |       |     5 ||     5
       Potion            |       |     1 ||     1
 Stab: Sleeping          |     1 |     2 ||     3
Armor: Skin              |       |     2 ||     2
Dodge: Dodged            |       |    37 ||    37

Table legend:
 A = Non-vault XP
 B = Vault XP
 C = Vault XP percentage of total XP
 D = Non-vault monster count
 E = Vault monster count
 F = Vault count percentage of total count
                 A         B        C        D         E       F
            +---------+---------+-------+---------+---------+-------
      Total |     333 |     222 |  40.0 |      25 |       2 |   7.4
            +---------+---------+-------+---------+---------+-------
        D:4 |      70 |     220 |  75.9 |      11 |       1 |   8.3
        D:5 |      13 |       0 |   0.0 |       1 |       0 |   0.0
        D:6 |     181 |       2 |   1.1 |       5 |       1 |  16.7
        D:7 |      69 |       0 |   0.0 |       8 |       0 |   0.0
            +---------+---------+-------+---------+---------+-------
